 Dungeon Crawl Stone Soup version 0.19.1-1-g22dce08 (webtiles) character file.

3833 theAP the Carver (level 10, -2/91 HPs)
             Began as a Hill Orc Fighter on Jan 14, 2017.
             Was a Believer of Beogh.
             Slain by Erica
             ... wielding a +4 scimitar of flaming
              (7 damage)
             ... on level 9 of the Dungeon.
             The game lasted 00:18:51 (7441 turns).

theAP the Carver (Hill Orc Fighter)                 Turns: 7441, Time: 00:18:51

Health: -2/91      AC: 13    Str: 23    XL:     10   Next: 18%
Magic:  9/9        EV: 17    Int:  8    God:    Beogh [**....]
Gold:   453        SH:  0    Dex: 20    Spells: 0 memorised, 9 levels left

rFire  . . .     SeeInvis .     x - +1 scimitar
rCold  + . .     Gourm    .     b - +0 scale mail
rNeg   . . .     Faith    +     c - +1 shield
rPois  .         Spirit   .     (no helmet)
rElec  .         Reflect  .     (no cloak)
rCorr  .         Harm     .     i - +2 pair of gloves
MR     .....                    u - +0 pair of boots
Stlth  +.........               K - amulet of faith
                                H - +2 ring of dexterity
                                G - +3 ring of dexterity

@: confused, agile, lethally poisoned (-2 -> -12)
A: slimy green scales 1, cold resistance 1, low mp 1
a: Smiting, Renounce Religion


You were on level 9 of the Dungeon.
You worshipped Beogh.
Beogh was pleased with you.
You were not hungry.

You visited 1 branch of the dungeon, and saw 9 of its levels.

You collected 453 gold pieces.

Inventory:

Hand Weapons
 a - a +0 long sword
 x - a +1 scimitar (weapon)
 A - a +2 hand crossbow of flaming
Armour
 b - a +0 scale mail (worn)
 c - a +1 shield (worn)
 i - a +2 pair of gloves (worn)
 u - a +0 pair of boots (worn)
Jewellery
 e - an uncursed ring of teleportation
 j - an uncursed ring of see invisible
 v - an uncursed ring of stealth
 y - an uncursed ring of flight
 G - a +3 ring of dexterity (left hand)
 H - a +2 ring of dexterity (right hand)
 K - an amulet of faith (around neck)
Wands
 n - a wand of iceblast (11/15)
 t - a wand of acid (0/15)
 w - a wand of lightning (8/15)
 I - a wand of acid (6/15)
Scrolls
 h - 2 scrolls of identify
 k - 2 scrolls of blinking
 l - 5 scrolls of remove curse
 E - a scroll of fear
Potions
 d - 2 potions of might
 m - 3 potions of lignification
 p - 2 potions of haste
 s - 2 potions of flight
 z - a potion of cure mutation
 B - a potion of cancellation
 F - a potion of brilliance
 L - a potion of agility
Comestibles
 f - 10 bread rations
 g - 2 meat rations
 r - 5 slices of pizza
 C - 2 beef jerkies


   Skills:
 + Level 9.4 Fighting
 * Level 11.1 Long Blades
 - Level 3.3 Armour
 + Level 5.8 Dodging
 - Level 3.2 Shields


You had 9 spell levels left.
You didn't know any spells.

Dungeon Overview and Level Annotations

Branches:
Dungeon (9/15)             Temple (0/1) D:4
   Lair: D:8-11         Orc: D:9-12

Altars:
Fedhas
Gozag
Nemelex Xobeh
Okawaru
Qazlal
Trog
Yredelemnul
The Shining One

Annotations:
D:9 Erica


Innate Abilities, Weirdness & Mutations

You are partially covered in slimy green scales. (AC +2)
Your flesh is cold resistant. (rC+)
Your magical capacity is low. (-10% MP)


Message History

You hit something.
You hear some strange, mumbled words.
A bolt of poison appears from out of thin air!
The bolt of poison hits you!
You are poisoned.
* * * LOW HITPOINT WARNING * * *
It was a potion of mutation.
You feel extremely strange.
You feel less energetic.
You feel resistant to cold.
Slimy green scales grow over part of your body.
* * * LOW HITPOINT WARNING * * *
You feel sick.
You hear some strange, mumbled words.
You are confused.
Wield which item (- for none, * to show all)? (? for menu, Esc to quit)
Okay, then.
It was a potion of agility.
You feel agile all of a sudden.
* * * LOW HITPOINT WARNING * * *
You feel sick. Something hits you!
You die...

####)######
#.## #..#
##.# #.#
#)# #.# #{#
#@# #.##
#..# ##.#
#.# #.# #.#
####'###
#......#


There were no monsters in sight!

Vanquished Creatures
  The ghost of Vajrapani the Quickloader, a novice TeHu of Okawaru (D:8)
  A hippogriff (D:7)
  Sigmund (D:5)
  A hungry ghost (D:8)
  An orc warrior (D:9)
  Duvessa (D:4)
  A water moccasin (D:5)
  A black bear (D:7)
  An ice beast (D:5)
  A sky beast (D:8)
  A phantom (D:7)
  4 ogres
  4 centaurs
  3 bullfrogs
  Dowan (D:4)
  3 wights (D:8)
  3 howler monkeys
  3 crimson imps
  2 quasits (D:8)
  A jelly (D:8)
  An orc priest (D:8)
  A centaur skeleton (D:7)
  7 hounds
  7 orc wizards
  An iguana (D:8)
  2 worker ants
  A hound skeleton (D:8)
  7 gnolls
  8 adders
  4 shadow imps
  An ooze (D:3)
  A worm (D:2)
  A dart slug (D:1)
  5 leopard geckos
  22 orcs
  A ball python (D:3)
  7 giant cockroaches
  9 goblins
  8 hobgoblins
  5 jackals
  4 quokkas
  10 bats
  10 frilled lizards
  A giant cockroach zombie (D:6)
  A jackal skeleton (D:8)
  8 kobolds
  A leopard gecko zombie (D:7)
  A quokka zombie (D:8)
  20 rats
190 creatures vanquished.

Vanquished Creatures (others)
  An orc priest (D:7)
  An orc wizard (D:7)
  3 orcs
5 creatures vanquished.

Grand Total: 195 creatures vanquished

Notes
Turn   | Place    | Note
-------+----------+-------------------------------------------
     0 | D:1      | theAP the Hill Orc Fighter began the quest for the Orb.
     0 | D:1      | Reached XP level 1. HP: 19/19 MP: 1/1
   289 | D:1      | Reached XP level 2. HP: 27/27 MP: 2/2
   727 | D:1      | Reached XP level 3. HP: 33/33 MP: 3/3
   908 | D:2      | Reached skill level 1 in Dodging
   945 | D:2      | Found a sparkling altar of Nemelex Xobeh.
   947 | D:2      | Found a stormy altar of Qazlal.
   970 | D:2      | Reached skill level 3 in Long Blades
  1343 | D:2      | Reached XP level 4. HP: 40/40 MP: 4/4
  1787 | D:3      | Reached skill level 4 in Long Blades
  1787 | D:3      | Reached XP level 5. HP: 23/47 MP: 5/5
  2409 | D:4      | Noticed Dowan
  2410 | D:4      | Noticed Duvessa
  2432 | D:4      | Killed Duvessa
  2432 | D:4      | Reached skill level 5 in Fighting
  2432 | D:4      | Reached XP level 6. HP: 42/56 MP: 6/6
  2439 | D:4      | Killed Dowan
  2439 | D:4      | Reached skill level 5 in Long Blades
  2592 | D:4      | Reached XP level 7. HP: 11/62 MP: 7/7
  2869 | D:4      | Found a staircase to the Ecumenical Temple.
  2910 | D:4      | Found a bloodstained altar of Trog.
  2956 | D:4      | Found a basalt altar of Yredelemnul.
  3235 | D:5      | Entered Level 5 of the Dungeon
  3296 | D:5      | Found an iron altar of Okawaru.
  3338 | D:5      | Reached skill level 6 in Long Blades
  3483 | D:5      | Found an opulent altar of Gozag.
  3483 | D:5      | Noticed Sigmund
  3488 | D:5      | Killed Sigmund
  3648 | D:5      | Reached skill level 7 in Long Blades
  3648 | D:5      | Reached XP level 8. HP: 55/71 MP: 8/8
  4499 | D:6      | Reached skill level 8 in Long Blades
  5520 | D:7      | Became a worshipper of Beogh the Brigand
  5524 | D:7      | Found a blossoming altar of Fedhas.
  5531 | D:7      | Reached XP level 9. HP: 75/80 MP: 9/9
  5538 | D:7      | Reached skill level 9 in Long Blades
  6052 | D:8      | Noticed Vajrapani's ghost (novice TeHu)
  6068 | D:8      | Killed Vajrapani's ghost
  6068 | D:8      | Reached skill level 10 in Long Blades
  6068 | D:8      | Reached skill level 5 in Dodging
  6511 | D:8      | Reached * piety under Beogh
  6819 | D:8      | Reached XP level 10. HP: 91/91 MP: 10/10
  6925 | D:8      | Reached skill level 11 in Long Blades
  7355 | D:9      | Found a glowing golden altar of the Shining One.
  7397 | D:9      | Noticed Erica
  7419 | D:9      | HP: 4/91 [something (4)]
  7432 | D:9      | Reached ** piety under Beogh
  7440 | D:9      | Gained mutation: Your magical capacity is low. (-10% MP) [potion of mutation]
  7440 | D:9      | Gained mutation: Your flesh is cold resistant. (rC+) [potion of mutation]
  7440 | D:9      | Gained mutation: You are partially covered in slimy green scales. (AC +2) [potion of mutation]
  7441 | D:9      | Slain by Erica

Skill      XL: |  1  2  3  4  5  6  7  8  9 10 |
---------------+-------------------------------+-----
Fighting       | 4 5 6 7 9 |  9.4
Dodging        | 1 2 3 4 5 |  5.8
Long Blades    | 3 4 5 7 8 10 11 | 11.1
Armour         | |  3.3
Shields        | |  3.2

Action                   |  1- 3 |  4- 6 |  7- 9 | 10-12 || total
-------------------------+-------+-------+-------+-------++-------
Melee: Long sword        |   128 |   168 |    48 |       ||   344
       Scimitar          |       |       |   268 |    93 ||   361
Invok: Convert to Beogh  |       |       |     1 |       ||     1
Evoke: Wand              |       |       |       |     3 ||     3
  Use: Scroll            |     3 |       |    13 |     4 ||    20
       Potion            |       |     1 |     4 |     6 ||    11
  Eat: Chunk             |     1 |     5 |    12 |     2 ||    20
       Fruit             |       |       |     1 |     2 ||     3
       Beef jerky        |       |       |     1 |       ||     1
Armor: Scale mail        |    52 |   128 |   113 |    36 ||   329
Dodge: Dodged            |    47 |    73 |   113 |    21 ||   254
Block: Shield            |    74 |   116 |   167 |    42 ||   399
       Rpst.: Long sword |    15 |    23 |     5 |       ||    43
       Scimitar          |       |       |    25 |     7 ||    32
